Construct Section Command Post
Construct Platoon Command Post
Selects Indian Artillery Battlegroup
6-pounder Anti-tank Gun Team
Unlock Bishop Self-propelled Artillery
Construct Field Infirmary
Selects Gurkha Rifles Section
Bishop Self-propelled Artillery
6-pounder Anti-tank Gun Team
Selects Volunteer Infantry
Bishop Self-propelled Artillery
Bishop Self-propelled Artillery
Selects Artillery Saturation
Selects Off-map Airburst Barrage
Bishop Self-propelled Artillery
Selects BL5.5 Artillery Emplacement
Construct Field Infirmary